 Seeded DCSS version 0.29-a0-234-g0dae59b3db (webtiles) character file.

Game seed: 54321234 (custom seed)

5 jij1949 the Sneak (level 1, 0/15 HPs)
             Began as a Naga Fire Elementalist on Mar 3, 2022.
             Frozen to death by an endoplasm (5 damage)
             ... on level 1 of the Dungeon.
             The game lasted 00:02:46 (461 turns).

jij1949 the Sneak (Naga Fire Elementalist)           Turns: 461, Time: 00:02:47

Health: 0/15       AC:  9    Str: 10    XL:     1   Next: 80%
Magic:  3/3        EV:  8    Int: 15    God:
Gold:   21         SH:  0    Dex: 11    Spells: 3/4 levels left

rFire   . . .      SeeInvis +   f - +0 mace (protect)
rCold   . . .      Faith    .   (no shield)
rNeg    . . .      Spirit   .   c - +0 ring mail
rPois   +          Reflect  .   (no helmet)
rElec   .          Harm     .   (no cloak)
rCorr   .          Rampage  .   (no gloves)
Will    .....                   (no barding)
Stlth   +.........              (no amulet)
HPRegen 0.05/turn               (no ring)
MPRegen 0.08/turn               (no ring)

@: under a protective aura, very slow
A: AC +0, large, see invisible, deformed body, poison resistance, slowness 2,
spit poison 1, naga tail 1
a: Spit Poison


You were on level 1 of the Dungeon.
You visited 1 branch of the dungeon, and saw 1 of its levels.

You collected 21 gold pieces.

Inventory:

Hand Weapons
 e - a +0 dagger
 f - a +0 mace of protection (weapon)
 i - a +0 club
Missiles
 j - 15 stones
Armour
 a - a +0 robe
 c - a +0 ring mail (worn)
 k - a +0 leather armour
Scrolls
 h - a scroll of blinking {unknown}
Potions
 d - a potion of degeneration (quivered)


   Skills:
 + Level 0.4 Armour
 + Level 1.5 Dodging
 + Level 3.2 Stealth
 + Level 2.0 Spellcasting
 + Level 1.0 Conjurations
 + Level 3.1 Fire Magic


You had 3 spell levels left.
You knew the following spells:

 Your Spells              Type           Power      Damage    Failure   Level
a - Foxfire               Conj/Fire      28%        2x1d5     26%         1

Your spell library contained the following spells:

 Spells                   Type           Power      Damage    Failure   Level
 Scorch                   Fire           20%        2d6       24%         2
 Conjure Flame            Conj/Fire      7%         6-21      58%         3
 Inner Flame              Hex/Fire       6%         N/A       67%         3
 Flame Wave               Conj/Fire      7%         2d5       94%         4


Dungeon Overview and Level Annotations

Branches:
Dungeon (1/15)

Altars:


Innate Abilities, Weirdness & Mutations

Your serpentine skin is tough. (AC +0)
You have supernaturally acute eyesight. (SInv)
Armour fits poorly on your strangely shaped body.
Your system is resistant to poisons. (rPois)
You cover ground very slowly.
You can spit poison.
You have a snake-like lower body.


Message History

The endoplasm hits you.
* * * LOW HITPOINT WARNING * * *
You feel better. The ball python barely misses you.
The ball python closely misses you. The endoplasm hits you.
The ball python closely misses you. The ball python bites you.
The ball python barely misses you.
There is a staircase leading out of the dungeon here.
The ball python bites you. The ball python barely misses you.
The ball python barely misses you. The ball python barely misses you.
The endoplasm jiggles.
The ball python bites you. The ball python closely misses you.
The endoplasm jiggles.
The ball python misses you. The ball python barely misses you.
The ball python bites you but does no damage.
The ball python bites you. The endoplasm hits you.
You hit the endoplasm but do no damage.
Your weapon exudes an aura of protection.
The endoplasm hits you but does no damage.
The endoplasm jiggles.
You hit the endoplasm.
The endoplasm is lightly wounded.
The endoplasm hits you. The endoplasm freezes you.
You are frozen.
You barely miss the endoplasm.
The endoplasm is lightly wounded.
The endoplasm misses you.
You hit the endoplasm.
The endoplasm is almost dead.
The endoplasm hits you but does no damage.
The endoplasm freezes you.
You are frozen.
You die...

##....# #......#
#.#############......#
#........รท...###.#.###
#.##########.##......#
### #.##.J....#
#.##..#.### #.##......#
#.####..### #...@JJ##
########


You could see 2 endoplasms.

Vanquished Creatures
  A bat (D:1)
  2 goblins (D:1)
  A quokka (D:1)
  A ball python (D:1)
5 creatures vanquished.

Notes
Turn   | Place    | Note
-------+----------+-------------------------------------------
     0 | D:1      | jij1949 the Naga Fire Elementalist began the quest for the
                  | Orb.
     0 | D:1      | Reached XP level 1. HP: 15/15 MP: 3/3
   461 | D:1      | Frozen to death by an endoplasm

Illustrated notes

Levels and vault maps discovered:
D:1:      dpeg_arrival_ternary, layout_rooms,
          hellmonk_ecumenical_altar_crossroads, serial_shops,
          nicolae_shop_competitors_out_of_business,
          ebering_dispersal_statue_hall

Action                   || total
-------------------------++-------
Melee: Mace              ||    20
       Dagger            ||     7
       Unarmed           ||     4
  Use: Scroll            ||     2
       Potion            ||     1
Armor: Ring mail         ||    18
Dodge: Dodged            ||    31

Table legend: (Time is in decaauts)
 A = Elapsed time spent in this place.
 B = Non-inter-level travel time spent in this place.
 C = Inter-level travel time spent in this place.
 D = Time resting spent in this place.
 E = Time spent auto-exploring this place.
 F = Levels seen in this place.
 G = Mean time per level.
                   A        B        C        D        E       F      G
               +--------+--------+--------+--------+--------+-----+--------+
         Total |    544 |    473 |     71 |      0 |     98 |   1 |  544.0 |
       Dungeon |    544 |    473 |     71 |      0 |     98 |   1 |  544.0 |
               +--------+--------+--------+--------+--------+-----+--------+

Top non-repeatable levels by time:
     D:1: 544 daAuts
